 Dungeon Crawl Stone Soup version 0.20.1-1-g8b1a95d (webtiles) character file.

102 vishdafish the Shield-Bearer (level 4, 0/28 HPs)
             Began as a Gargoyle Fighter on July 7, 2017.
             Slain by a gnoll
             ... wielding a +0 whip
              (2 damage)
             ... on level 3 of the Dungeon.
             The game lasted 00:01:44 (1199 turns).

vishdafish the Shield-Bearer (Gargoyle Fighter)     Turns: 1199, Time: 00:01:45

Health: 0/28       AC: 10    Str: 21    XL:     4   Next: 77%
Magic:  0/4        EV:  7    Int:  8    God:
Gold:   128        SH:  9    Dex:  9    Spells: 3/3 levels left

rFire    + . .     SeeInvis .   a - +0 war axe
rCold    . . .     Gourm    .   c - +0 shield
rNeg     + . .     Faith    .   b - +0 scale mail
rPois    ∞         Spirit   +   (no helmet)
rElec    +         Reflect  .   (no cloak)
rCorr    .         Harm     .   (no gloves)
MR       .....                  (no boots)
Stlth    ..........             t - amulet of guardian spirit
Regen    0.1/turn               n - ring of flight
MPRegen  0.1/turn               k - ring of protection from fire

@: no status effects
A: negative energy resistance 1, electricity resistance, unbreathing,
petrification resistance, rot immunity, AC +3
a: Evoke Flight


You were on level 3 of the Dungeon.
You were not hungry.

You visited 1 branch of the dungeon, and saw 3 of its levels.

You collected 128 gold pieces.

Inventory:

Hand Weapons
 a - a +0 war axe (weapon)
Armour
 b - a +0 scale mail (worn)
 c - a +0 shield (worn)
Jewellery
 k - a ring of protection from fire (right hand)
 n - a ring of flight (left hand)
 t - an amulet of guardian spirit (around neck)
Scrolls
 e - a scroll of recharging {unknown}
 h - 2 scrolls of teleportation {unknown}
 l - 3 scrolls of identify {unknown}
 o - 3 scrolls of fog {unknown}
 p - a scroll of fear {unknown}
 s - a scroll of immolation {unknown}
Potions
 d - a potion of might
 g - a potion of cancellation {unknown}
 i - 2 potions of brilliance {unknown}
 m - a potion of ambrosia {unknown}
 q - a potion of curing {unknown}
 r - a potion of flight {unknown}
Comestibles
 f - 3 bread rations
 j - 4 fruits
 u - a chunk of flesh


   Skills:
 + Level 3.6 Fighting
 + Level 3.2 Axes
 + Level 3.8 Armour
 + Level 0.2 Dodging
 + Level 3.9 Shields


You had 3 spell levels left.
You didn't know any spells.

Dungeon Overview and Level Annotations

Branches:
Dungeon (3/15)

Altars:
Kikubaaqudgha
Xom
Yredelemnul


Innate Abilities, Weirdness & Mutations

You are resistant to torment.
Your stone body is resilient. (AC +3)
You are immune to poison.
You resist negative energy. (rN+)
You are resistant to electric shocks. (rElec)
You can survive without breathing.
You are immune to petrification.
You are immune to rotting.


Message History

You hit the gnoll.
You kill the gnoll!
You hit the gnoll. The gnoll hits you but does no damage.
Your shield and scale mail prevent you from hitting the gnoll.
The gnoll is heavily wounded.
The gnoll hits you with a whip.
* * * LOW HITPOINT WARNING * * *
You block the gnoll's attack.
You closely miss the gnoll.
The gnoll is heavily wounded.
The gnoll hits you but does no damage.
You hit the gnoll.
The gnoll is almost dead.
The gnoll hits you but does no damage.
You barely miss the gnoll.
The gnoll is almost dead.
The gnoll hits you with a whip.
* * * LOW HITPOINT WARNING * * *
The gnoll hits you with a whip.
You die...

#.....................
#......................
######..................
......................#+
........................
............#...........
.......#................
.......'.........)......
.......#........@g......
.......#........))......
.......#........###.....
.......#........# ....
.##########'##### ..> .#
#.# #. .# #.# #.# #.#


You could see a gnoll.

Vanquished Creatures
  A worker ant (D:3)
  3 gnolls (D:3)
  An ooze (D:1)
  An orc (D:3)
  6 bats
  4 giant cockroaches
  4 goblins
  A hobgoblin (D:2)
  4 jackals (D:3)
  7 frilled lizards
  7 kobolds
  A quokka skeleton (D:3)
  5 rats
45 creatures vanquished.

Notes
Turn   | Place    | Note
-------+----------+-------------------------------------------
     0 | D:1      | vishdafish the Gargoyle Fighter began the quest for the Orb.
     0 | D:1      | Reached XP level 1. HP: 14/14 MP: 1/1
    78 | D:1      | Reached XP level 2. HP: 19/19 MP: 2/2
   660 | D:2      | Reached XP level 3. HP: 23/23 MP: 3/3
   669 | D:2      | Found a shimmering altar of Xom.
   672 | D:2      | Found an ancient bone altar of Kikubaaqudgha.
   709 | D:2      | Found a basalt altar of Yredelemnul.
  1097 | D:3      | Reached XP level 4. HP: 21/28 MP: 2/4
  1199 | D:3      | Slain by a gnoll

Skill      XL: |  1  2  3 |
---------------+----------+-----
Axes           | 2 3 |  3.2
Fighting       | |  3.6
Armour         | |  3.8
Dodging        | |  0.2
Shields        | |  3.9

Action                   |  1- 3 |  4- 6 || total
-------------------------+-------+-------++-------
Melee: War axe           |   111 |    41 ||   152
  Eat: Chunk             |       |     1 ||     1
Armor: Scale mail        |    57 |    29 ||    86
Dodge: Dodged            |    41 |    16 ||    57
Block: Shield            |    62 |    32 ||    94
